 Dungeon Crawl Stone Soup version 0.18-a0-246-gbfa2ae1 (console) character file.

276 endege the Covered (level 6, -1/56 HPs)
             Began as a Minotaur Fighter on Nov 25, 2015.
             Slain by Pikel
             ... wielding a +0 whip of electrocution
              (13 damage)
             ... on level 4 of the Dungeon.
             The game lasted 00:11:12 (2058 turns).

endege the Covered (Minotaur Fighter)               Turns: 2058, Time: 00:11:13

Health: -1/56      AC:  7    Str: 22    XL:     6   Next: 4%
Magic:  5/5        EV:  7    Int:  5    God:
Gold:   101        SH: 10    Dex: 12    Spells: 0 memorised, 5 levels left

rFire  . . .     SeeInvis .     a - +1 trident
rCold  . . .     Clarity  .     b - +0 scale mail
rNeg   . . .     SustAt   .     c - +0 shield
rPois  .         Gourm    .     (helmet restricted)
rElec  .         Spirit   .     (no cloak)
rCorr  .         Warding  .     (no gloves)
rMut   .         Stasis   .     (no boots)
MR     .....                    (no amulet)
Stlth  ..........               (no ring)
                                k - +2 ring of dexterity

@: not resistant to hostile enchantments, extremely unstealthy
A: retaliatory headbutt, horns 2
a: no special abilities


You were on level 4 of the Dungeon.
You were not hungry.

You visited 1 branch of the dungeon, and saw 4 of its levels.

You collected 101 gold pieces.

Inventory:

Hand Weapons
 a - a +1 trident (weapon)
Armour
 b - a +0 scale mail (worn)
 c - a +0 shield (worn)
Jewellery
 k - a +2 ring of dexterity (left hand)
   (You found it on level 1 of the Dungeon)
Scrolls
 m - a scroll of teleportation
 q - 2 scrolls of identify
 t - 2 scrolls of fear
Potions
 d - a potion of might
 l - a potion of agility
 n - a potion of curing
Comestibles
 e - a bread ration {@e1}
 g - 2 beef jerkies
 p - 5 fruits
 w - a slice of pizza


   Skills:
 + Level 5.5 Fighting
 - Level 2.4 Polearms
 + Level 5.8 Armour
 + Level 5.2 Shields


You had 5 spell levels left.
You didn't know any spells.

Dungeon Overview and Level Annotations

Branches:
Dungeon (4/15)
 Temple: D:4-7

Altars:
Dithmenos
Trog
Yredelemnul
Zin

Annotations:
D:4 Pikel


Innate Abilities, Weirdness & Mutations

You reflexively headbutt those who attack you in melee.
You have a pair of horns on your head.


Message History

Some of the chunks of flesh in your inventory have rotted away.
Read which item? (? for menu, Esc to quit)
As you read the scroll labeled TIGOOLUPICI, it crumbles to dust.
You feel forgetful for a moment.
It was a scroll of amnesia.
Your surroundings suddenly seem different.
Drink which item? (? for menu, Esc to quit)
It was a potion of heal wounds.
You feel much better.
Drink which item? (? for menu, Esc to quit)
It was a potion of agility.
You feel agile all of a sudden.
Drink which item? (? for menu, Esc to quit)
It was a potion of flight.
You feel very buoyant.
You fly up into the air.
Drink which item? (? for menu, Esc to quit)
It was a potion of magic.
Magic courses through your body.
Drink which item? (? for menu, Esc to quit)
It was a potion of curing.
You feel better.
Drink which item? (? for menu, Esc to quit)
It was a potion of poison.
That liquid tasted very nasty...
You are poisoned.
You feel sick.
You take 1 damage, and have 55/56 hp.
Drink which item? (? for menu, Esc to quit)
Okay, then.
Read which item? (? for menu, Esc to quit)
Okay, then.
Done exploring.
You feel sick.
You feel sick.
You feel sick.
You feel sick.
You feel sick.
You feel sick.
You feel sick.
You feel sick.
You feel sick.
You feel sick.
You feel sick.
You are starting to lose your buoyancy.
All of the chunks of flesh in your inventory have rotted away.
You feel sick.
You feel sick.
You float gracefully downwards.
There is a stone staircase leading down here.
You take 7 damage, and have 48/56 hp.
You climb downwards.
You feel sick.
You are no longer poisoned.
There is a stone staircase leading up here.
You take 1 damage, and have 47/56 hp. 3 slaves and Pikel come into view.
Pikel shouts!
The slave shouts!
The slave shouts!
The slave shouts!
A slave comes into view.
The slave shouts!
The slave hits you but does no damage.
There is a stone staircase leading up here.
There is a stone staircase leading up here.
You feel a little less agile now. You block the slave's attack.
You barely miss Pikel. You block Pikel's attack. The slave hits you.
You take 3 damage, and have 50/56 hp.
You barely miss Pikel. Your headbutt misses Pikel. You block Pikel's attack.
The slave hits you.
You take 2 damage, and have 48/56 hp.
You hit Pikel. You headbutt Pikel! You block the slave's attack.
Pikel closely misses you. You furiously retaliate!
You headbutt Pikel, but do no damage. You puncture Pikel! The slave hits you!
You take 8 damage, and have 41/56 hp.
You hit Pikel. You headbutt Pikel! You block Pikel's attack.
The slave hits you.
You take 5 damage, and have 36/56 hp.
You hit Pikel. Your headbutt misses Pikel.
The slave hits you but does no damage.
Pikel hits you with a whip of electrocution.
You are electrocuted!
* * * LOW HITPOINT WARNING * * *
The slave barely misses you. You furiously retaliate!
You headbutt the slave!
You take 23 damage, and have 13/56 hp.
MASSIVE DAMAGE!!
You closely miss Pikel.
Pikel hits you with a whip of electrocution.
* * * LOW HITPOINT WARNING * * *
The slave hits you!
* * * LOW HITPOINT WARNING * * *
You take 9 damage, and have 4/56 hp.
Drink which item? (? for menu, Esc to quit)
You feel much better. The slave hits you.
Pikel hits you with a whip of electrocution.
You regained 14 hp, and now have 18/56 hp.
Your shield prevents you from hitting Pikel.
The slave hits you.
* * * LOW HITPOINT WARNING * * *
You take 2 damage, and have 16/56 hp.
Your shield and scale mail prevent you from hitting Pikel.
You headbutt Pikel, but do no damage. Pikel hits you but does no damage.
You block the slave's attack.
You hit Pikel but do no damage. The slave hits you.
* * * LOW HITPOINT WARNING * * *
Pikel hits you with a whip of electrocution.
* * * LOW HITPOINT WARNING * * *
You are electrocuted!
You die...

#.# .# #.# .#.
#.. .. # #.#
.#.#
#.##.#.###
#####.........
#p............
#p#...........
#.#.##.....##
#p#K##......#
#p#@##......#
#.#p##......#
#..p........#
###.####..#.#
#%# ...... #.#
.....# #.#
...... #.#
.#.#. #.. ..
###


You could see Pikel and 2 slaves.

Vanquished Creatures
  Sigmund (D:3)
  4 adders
  3 worms
  3 giant geckos
  6 bats
  5 giant cockroaches
  8 goblins
  7 hobgoblins
  9 jackals
  9 kobolds
  2 quokkas
  3 giant newts
  12 rats
72 creatures vanquished.

Vanquished Creatures (others)
  4 toadstools (D:1)
4 creatures vanquished.

Grand Total: 76 creatures vanquished

Notes
Turn   | Place    | Note
--------------------------------------------------------------
     0 | D:1      | endege the Minotaur Fighter began the quest for the Orb.
     0 | D:1      | Reached XP level 1. HP: 19/19 MP: 0/0
    90 | D:1      | Reached XP level 2. HP: 27/27 MP: 1/1
   113 | D:1      | Reached skill level 4 in Fighting
   176 | D:1      | Reached skill level 4 in Shields
   435 | D:1      | Reached skill level 4 in Armour
   546 | D:2      | Reached XP level 3. HP: 33/33 MP: 2/2
   686 | D:2      | Found a basalt altar of Yredelemnul.
   709 | D:2      | Found a shadowy altar of Dithmenos.
  1079 | D:3      | Reached XP level 4. HP: 38/41 MP: 3/3
  1262 | D:3      | Noticed Sigmund
  1277 | D:3      | HP: 5/41 [something (10)]
  1281 | D:3      | Killed Sigmund
  1281 | D:3      | Reached skill level 5 in Fighting
  1281 | D:3      | Reached skill level 5 in Armour
  1281 | D:3      | Reached skill level 5 in Shields
  1281 | D:3      | Reached XP level 5. HP: 4/48 MP: 4/4
  1289 | D:3      | HP: 4/48 [adder (1)]
  1519 | D:3      | Found a bloodstained altar of Trog.
  1556 | D:3      | Reached XP level 6. HP: 56/56 MP: 5/5
  1642 | D:3      | Found a glowing silver altar of Zin.
  2016 | D:4      | Noticed Pikel
  2053 | D:4      | HP: 13/56 [Pikel/whip of electrocution (20)]
  2054 | D:4      | HP: 4/56 [slave[Pikel] (7)]
  2058 | D:4      | Slain by Pikel

Vault maps used:
D:1:      ldierk_walled_garden_2, kennysheep_flooded_box
D:2:      lemuel_round_altar, overflow_temple_1_default
D:3:      zin_statuary, serial_corexii_hall, corexii_hall_statues_x,
          corexii_hall_statues_x, trog_three_pillars_becter, uniq_sigmund
D:4:      first_bread, tgw_fedhas, uniq_pikel

Action                   |  1- 3 |  4- 6 || total
-------------------------+-------+-------++-------
Melee: Trident           |    91 |   101 ||   192
  Use: Potion            |       |     8 ||     8
       Scroll            |       |     6 ||     6
  Eat: Meat ration       |     1 |       ||     1

Vault maps used:
D:1:      ldierk_walled_garden_2, kennysheep_flooded_box
D:2:      lemuel_round_altar, overflow_temple_1_default
D:3:      zin_statuary, serial_corexii_hall, corexii_hall_statues_x,
          corexii_hall_statues_x, trog_three_pillars_becter, uniq_sigmund
D:4:      first_bread, tgw_fedhas, uniq_pikel

Table legend:
 A = Turns spent in this place as a percentage of turns spent in the entire game.
 B = Non-inter-level travel turns spent in this place as a percentage of non-inter-level travel turns spent in the entire game.
 C = Inter-level travel turns spent in this place as a percentage of turns spent in this place.
 D = Turns resting spent in this place as a percentage of non-inter-level travel turns spent in this place.
 E = Turns spent auto-exploring this place as a percentage of non-inter-level travel turns spent in this place.
 F = Non-inter-level travel turns spent in this place divided by the number of levels of this place that you've seen.
                   A       B       C       D       E      F
               +-------+-------+-------+-------+-------+----------------------
         Total | 100.0 | 100.0 |   0.3 |   0.9 |   8.0 | 168.0
       Dungeon | 100.0 | 100.0 |   0.3 |   0.9 |   8.0 | 168.0
               +-------+-------+-------+-------+-------+----------------------

Table legend:
 A = Kills in this place as a percentage of kills in entire the game.
 B = Kills by you in this place as a percentage of kills by you in the entire game.
 C = Kills by friends in this place as a percentage of kills by friends in the entire game.
 D = Other kills in this place as a percentage of other kills in the entire game.
 E = Experience gained in this place as a percentage of experience gained in the entire game.
 F = Experience gained in this place divided by the number of levels of this place that you have seen.
                   A       B       C       D       E      F
               +-------+-------+-------+-------+-------+----------------------
         Total | 100.0 | 100.0 |  -nan |  -nan | 100.0 |  98.8
       Dungeon | 100.0 | 100.0 |  -nan |  -nan | 100.0 |  98.8
               +-------+-------+-------+-------+-------+----------------------
